 Dungeon Sprint DCSS version 0.17-a0-1927-g319369b (webtiles) character file.

20 GilaZews the Ruffian (level 2, 0/26 HPs)
             Began as a Naga Transmuter on Sept 29, 2015.
             Was an Initiate of Cheibriados.
             Slain by a wasp (11 damage)
             ... in the Dungeon (Sprint IX: "|||||||||||||||||||||||||||||").
             The game lasted 00:02:53 (323 turns).

GilaZews the Ruffian (Naga Transmuter)               Turns: 323, Time: 00:02:53

Health: 0/26       AC:  3    Str: 13    XL:     2   Next: 79%
Magic:  5/5        EV: 11    Int: 14    God:    Cheibriados [......]
Gold:   0          SH:  0    Dex: 18    Spells: 1 memorised, 5 levels left

rFire  . . .     SeeInvis +       - Unarmed
rCold  . . .     Clarity  .     b - +0 robe
rNeg   . . .     SustAt   .     (no shield)
rPois  +         Gourm    .     o - +0 helmet
rElec  .         Spirit   .     n - +0 cloak
rCorr  .         Warding  .     (no gloves)
rMut   .         NoTele   +     (no barding)
MR     .....                    (no amulet)
Stlth  +++.......               q - +3 ring of dexterity
                                p - +3 ring of dexterity

@: short of breath, very slightly contaminated, invisible, very slow, not
resistant to hostile enchantments, fairly stealthy
A: see invisible, deformed body, poison resistance, slowness 2, slow metabolism
1, spit poison 2, AC +0
a: Spit Poison, Bend Time, Renounce Religion


You were in the Dungeon.
You worshipped Cheibriados.
Cheibriados was noncommittal.
You were not hungry.

You visited 1 branch

Inventory:

Armour
 b - a +0 robe (worn)
 n - a +0 cloak (worn)
 o - a +0 helmet (worn)
Jewellery
 p - a +3 ring of dexterity (left hand)
 q - a +3 ring of dexterity (right hand)
Magical devices
 m - a wand of cold (7)
Scrolls
 j - 2 scrolls of blinking
 k - 3 scrolls of remove curse
 l - 2 scrolls of amnesia
Potions
 e - 4 potions of curing
 f - 3 potions of heal wounds
 h - 4 potions of magic
Books
 c - a book of Changes

   Spells                             Type                      Level
   a - Beastly Appendage              Transmutation                1
   b - Sticks to Snakes               Transmutation                2
   c - Spider Form                    Transmutation/Poison         3
   d - Ice Form                       Ice/Transmutation            4
   e - Blade Hands                    Transmutation                5
Comestibles
 d - a bread ration
 g - 3 chunks of flesh


   Skills:
 + Level 1.9 Fighting
 + Level 2.2 Dodging
 + Level 2.7 Stealth
 * Level 4.0 Unarmed Combat
 + Level 2.5 Spellcasting
 * Level 3.1 Transmutations


You had 5 spell levels left.
You knew the following spells:

 Your Spells              Type           Power        Failure   Level  Hunger
a - Beastly Appendage     Trmt           ##....       10%         1    #......


Dungeon Overview and Level Annotations

Branches:
Dungeon (1/1)

Altars:
Cheibriados
Dithmenos
Elyvilon
Fedhas
Gozag
Kikubaaqudgha
Makhleb
Nemelex Xobeh
Okawaru
Qazlal
Ru
Sif Muna
Trog
Vehumet
Xom
Yredelemnul
Zin
The Shining One
Beogh
Jiyva
Lugonu


Innate Abilities, Weirdness & Mutations

You cannot wear boots.
Your serpentine skin is tough (AC +0).
You have supernaturally acute eyesight.
Armour fits poorly on your strangely shaped body.
Your system is resistant to poisons.
You cover ground very slowly.
You have a slow metabolism.
You can spit poison.


Message History

Welcome back, GilaZews the Naga Transmuter.
Cheibriados says: Take it easy.
Press ? for a list of commands and other information.
Use which ability?
Press: ? - help, Shift-Dir - straight line, f - wasp
Aim: a wasp (moderately wounded)
The splash of poison hits the wasp.
The wasp is poisoned.
The wasp is severely wounded.
You feel slightly more hungry. The wasp closely misses you.
The wasp barely misses you.
You hit the wasp but do no damage.
The wasp is severely wounded.
The wasp stings you.
You hit the wasp.
The wasp is severely wounded.
The wasp barely misses you. The wasp closely misses you.
You hit the wasp.
The wasp is almost dead.
The wasp stings you!
You die... ▓▓▓▓▓▓▓▓▓▓▓▓▓▓▓▓▓▓▓▓▓▓▓▓ +SK55ly@(.[..)|..'______ ▓▓▓▓▓▓▓▓▓▓▓▓▓▓▓▓▓▓▓▓▓▓▓▓

You could see a big kobold, a wasp, an iguana (wandering), a crimson imp, an adder (wandering) and a shadow imp.

Vanquished Creatures
  An adder (D)
  A worm (D)
  A bat (D)
  A bat skeleton (D)
  A jackal (D)
  A giant gecko zombie (D)
  4 rats (D)
10 creatures vanquished.

Notes
Turn   | Place    | Note
--------------------------------------------------------------
     0 | D        | GilaZews the Naga Transmuter began the quest for the Orb.
     0 | D        | Reached XP level 1. HP: 18/18 MP: 3/3
    34 | D        | Reached skill level 1 in Stealth
   232 | D        | Reached XP level 2. HP: 25/25 MP: 3/5
   240 | D        | Reached skill level 4 in Unarmed Combat
   252 | D        | Found a glowing silver altar of Zin.
   252 | D        | Found a glowing golden altar of the Shining One.
   252 | D        | Found an ancient bone altar of Kikubaaqudgha.
   252 | D        | Found a basalt altar of Yredelemnul.
   252 | D        | Found a shimmering altar of Xom.
   252 | D        | Found a radiant altar of Vehumet.
   253 | D        | Found an iron altar of Okawaru.
   254 | D        | Found a burning altar of Makhleb.
   255 | D        | Found a deep blue altar of Sif Muna.
   256 | D        | Found a bloodstained altar of Trog.
   257 | D        | Found a sparkling altar of Nemelex Xobeh.
   258 | D        | Found a white marble altar of Elyvilon.
   259 | D        | Found a roughly hewn altar of Beogh.
   260 | D        | Found a viscous altar of Jiyva.
   261 | D        | Found a corrupted altar of Lugonu.
   262 | D        | Found a blossoming altar of Fedhas.
   263 | D        | Found a snail-covered altar of Cheibriados.
   264 | D        | Found a shadowy altar of Dithmenos.
   265 | D        | Found a stormy altar of Qazlal.
   266 | D        | Found an opulent altar of Gozag.
   267 | D        | Found a sacrificial altar of Ru.
   271 | D        | Became a worshipper of Cheibriados the Contemplative
   312 | D        | Noticed a big kobold
   312 | D        | Noticed a crimson imp
   312 | D        | Noticed an iguana
   312 | D        | Noticed a wasp
   323 | D        | Slain by a wasp

Vault maps used:
D:        linesprint

Action                   || total
-------------------------++-------
Melee: Unarmed           ||    43
 Cast: Beastly Appendage ||     1
 Abil: Spit Poison       ||     1
  Use: Potion            ||     4
 Stab: Invisible         ||     2
